 Dungeon Crawl Stone Soup version 0.20.0-15-g7f486f2 (webtiles) character file.

7478 kobby the Covert (level 10, 0/76 (77) HPs)
             Began as a Vampire Assassin on June 20, 2017.
             Was a Believer of Makhleb.
             Slain by a swamp worm (24 damage)
             ... on level 10 of the Dungeon.
             The game lasted 00:35:06 (9811 turns).

kobby the Covert (Vampire Assassin)                 Turns: 9811, Time: 00:35:07

HP:   0/76 (77)     AC:  8    Str: 10    XL:     10   Next: 94%
MP:   10/10         EV: 20    Int: 15    God:    Makhleb [**....]
Gold: 556           SH:  0    Dex: 18    Spells: 9/9 levels left

rFire    x . .     SeeInvis +   h - +0 dagger (venom)
rCold    + . .     Gourm    .   (no shield)
rNeg     . . .     Faith    .   c - +0 robe
rPois    .         Spirit   .   A - +2 hat
rElec    .         Reflect  .   d - +2 cloak
rCorr    .         Harm     .   (no gloves)
MR       +....                  k - +0 pair of boots
Stlth    +++.......             t - amulet of regeneration
Regen    0.9/turn               p - ring of ice
MPRegen  0.2/turn               (no ring)

@: regenerating quickly, very slow
A: fangs 3, see invisible, unbreathing
a: Minor Destruction, Renounce Religion


You were on level 10 of the Dungeon.
You worshipped Makhleb.
Makhleb was pleased with you.
You were full.

You visited 2 branches of the dungeon, and saw 11 of its levels.

You collected 556 gold pieces.

Inventory:

Hand Weapons
 a - a +2 dagger
 b - a +0 blowgun
 h - a +0 dagger of venom (weapon)
 D - a +0 war axe of flaming
Missiles
 e - 74 poisoned needles
 f - 2 curare-tipped needles
Armour
 c - a +0 robe (worn)
 d - a +2 cloak (worn)
 k - a +0 pair of boots (worn)
 m - a +0 helmet
 A - a +2 hat (worn)
Jewellery
 p - a ring of ice (left hand)
 q - an uncursed ring of wizardry
 t - an amulet of regeneration (around neck)
 C - an uncursed amulet of harm
 K - an uncursed ring of ice
Wands
 g - a wand of iceblast (6/15)
 w - a wand of disintegration (8/24)
 y - a wand of digging (13/24)
 L - a wand of flame (17/48)
 M - a wand of iceblast (2/15)
 N - a wand of polymorph (22/24)
 O - a wand of confusion (36/48)
Scrolls
 j - 4 scrolls of recharging
 l - 3 scrolls of immolation
 o - 6 scrolls of identify
 s - 7 scrolls of remove curse
 u - a scroll of random uselessness {unknown}
 v - 2 scrolls of blinking
 z - a scroll of teleportation
 B - 6 scrolls of amnesia
 H - 2 scrolls of magic mapping
Potions
 n - a potion of lignification
 r - a potion of haste
 x - a potion of agility {unknown}
 E - 2 potions of might {unknown}
 G - a potion of berserk rage {unknown}
 I - a potion of experience {unknown}
 J - a potion of invisibility
 Q - a potion of curing
Books
 i - a book of Changes

   Spells                             Type                      Level
   a - Beastly Appendage              Transmutation                1
   b - Sticks to Snakes               Transmutation                2
   c - Spider Form                    Transmutation/Poison         3
   d - Ice Form                       Ice/Transmutation            4
   e - Blade Hands                    Transmutation                5
 F - a book of Geomancy

   Spells                             Type                      Level
   a - Sandblast                      Earth                        1
   b - Passwall                       Transmutation/Earth          2
   c - Stone Arrow                    Conjuration/Earth            3
   d - Petrify                        Transmutation/Earth          4
   e - Lee's Rapid Deconstruction     Earth                        5
 P - a book of Flames

   Spells                             Type                      Level
   a - Flame Tongue                   Conjuration/Fire             1
   b - Throw Flame                    Conjuration/Fire             2
   c - Conjure Flame                  Conjuration/Fire             3
   d - Inner Flame                    Hexes/Fire                   3
   e - Sticky Flame                   Conjuration/Fire             4
   f - Fireball                       Conjuration/Fire             5


   Skills:
 + Level 6.9 Fighting
 + Level 9.9 Short Blades
 + Level 4.0 Throwing
 + Level 10.0 Dodging
 + Level 12.1 Stealth


You had 9 spell levels left.
You didn't know any spells.

Dungeon Overview and Level Annotations

Branches:
Dungeon (10/15)            Temple (1/1) D:4            Lair (0/6) D:10
    Orc: D:9-12

Altars:
Cheibriados
Dithmenos
Elyvilon
Fedhas
Gozag
Hepliaklqana
Kikubaaqudgha
Makhleb
Nemelex Xobeh
Okawaru
Qazlal
Ru
Sif Muna
Trog
Uskayaw
Vehumet
Xom
Yredelemnul
Zin
The Shining One

Shops:
D:8 !(?*}   D:9 *

Annotations:
D:3 Robin
D:6 Terandir's ghost, novice DEEE


Innate Abilities, Weirdness & Mutations

Your natural rate of healing is unusually fast.
You have razor-sharp teeth.
You have supernaturally acute eyesight. (SInv)
You can survive without breathing.


Message History

The swamp worm bites you.
Your unstable footing causes you to fumble your attack.
You hit the swamp worm but do no damage.
The swamp worm looks as sick as possible!
The swamp worm is moderately wounded.
The swamp worm bites you!!
* * * LOW HITPOINT WARNING * * *
You hit the swamp worm but do no damage.
The swamp worm looks as sick as possible!
You bite the swamp worm.
The swamp worm is moderately wounded.
You hit the swamp worm.
The swamp worm looks as sick as possible!
The swamp worm is moderately wounded.
The swamp worm completely misses you.
You hit the swamp worm but do no damage.
The swamp worm looks as sick as possible!
The swamp worm is moderately wounded.
The swamp worm bites you!!
You die...

...........##.........#.'........
.........####.........###......(.
#######.## ###.####+## #........
#.# ##..##..# ######### ##.#
###≈≈≈≈≈≈≈### #.) ##..#
##≈≈≈≈≈≈≈≈≈≈≈## #.# #..##
#≈†≈#######≈≈≈# #.# ###.##
#≈≈P#≈≈w≈≈##≈≈# #.# #.>.#
#≈≈≈≈≈@≈≈≈?#≈≈# #####.# #.###
#≈≈≈#≈≈≈≈≈##≈≈# #...... #.#
#≈≈≈#######≈≈≈# #......
###.#######.††≈≈≈≈≈≈≈≈≈## #>.....
†...........#.≈≈≈≈≈≈≈#..# #.)....
##..#########........##.###......
#..## #........##...[......
##...## ##.############......
#.....## #.### #####..


You could see a swamp worm.

Vanquished Creatures
  Erica (D:8)
  3 two-headed ogres
  2 hippogriffs
  A yak (D:10)
  A basilisk (D:10)
  A hungry ghost (D:8)
  A steam dragon (D:10)
  A swamp worm (D:10)
  A water moccasin (D:6)
  2 ice beasts
  A phantom (D:8)
  A necrophage (D:9)
  A hornet zombie (D:9)
  An ogre (D:5)
  3 centaurs
  A crocodile (D:10)
  Blork the orc (D:5)
  A big kobold (D:8)
  2 bullfrogs
  A scorpion (D:9)
  17 killer bees
  9 howler monkeys
  3 crimson imps
  3 centaur zombies
  2 jellies (D:8)
  4 hounds
  2 orc priests
  2 iguanas
  Terence (D:2)
  10 orc wizards
  6 worker ants
  2 hound zombies (D:9)
  A howler monkey zombie (D:9)
  2 worker ant zombies
  10 adders
  4 gnolls (D:6)
  2 shadow imps
  2 oozes (D:1)
  2 adder skeletons (D:9)
  17 worms
  2 dart slugs
  6 leopard geckos
  14 orcs
  5 giant cockroaches
  4 hobgoblins
  6 jackals
  15 kobolds
  3 quokkas
  4 ball pythons
  7 bats
  7 frilled lizards
  A giant cockroach zombie (D:6)
  9 goblins
  5 rats
216 creatures vanquished.

Vanquished Creatures (others)
  3 plants (D:10)
3 creatures vanquished.

Grand Total: 219 creatures vanquished

Notes
Turn   | Place    | Note
-------+----------+-------------------------------------------
     0 | D:1      | kobby the Vampire Assassin began the quest for the Orb.
     0 | D:1      | Reached XP level 1. HP: 16/16 MP: 1/1
    83 | D:1      | Reached skill level 6 in Stealth
   133 | D:1      | Reached XP level 2. HP: 18/22 MP: 2/2
   448 | D:1      | Reached XP level 3. HP: 18/27 MP: 3/3
   965 | D:2      | Found an ancient bone altar of Kikubaaqudgha.
  1024 | D:2      | Reached skill level 7 in Stealth
  1178 | D:2      | Noticed Terence
  1181 | D:2      | Killed Terence
  1181 | D:2      | Reached XP level 4. HP: 33/33 MP: 4/4
  1839 | D:3      | Noticed Robin
  1871 | D:3      | Reached XP level 5. HP: 38/38 MP: 5/5
  2032 | D:4      | Reached skill level 8 in Stealth
  2410 | D:4      | Found a staircase to the Ecumenical Temple.
  2742 | D:4      | Reached XP level 6. HP: 36/46 MP: 6/6
  3046 | Temple   | Entered the Ecumenical Temple
  3123 | Temple   | Became a worshipper of Makhleb the Destroyer
  3176 | D:5      | Entered Level 5 of the Dungeon
  3176 | D:5      | Found a shadowy altar of Dithmenos.
  3426 | D:5      | Found a white marble altar of Elyvilon.
  3627 | D:5      | Noticed Blork the orc
  3648 | D:5      | Killed Blork the orc
  3779 | D:5      | Found a shimmering altar of Xom.
  3808 | D:5      | Reached XP level 7. HP: 46/52 MP: 7/7
  4131 | D:6      | Found an opulent altar of Gozag.
  4358 | D:6      | Found a stormy altar of Qazlal.
  4659 | D:6      | Found a hazy altar of Hepliaklqana.
  4696 | D:6      | Found an iron altar of Okawaru.
  4743 | D:6      | Reached skill level 5 in Short Blades
  4881 | D:6      | Noticed Terandir's ghost (novice DEEE)
  4988 | D:6      | Found a snail-covered altar of Cheibriados.
  5147 | D:7      | Reached skill level 9 in Stealth
  5148 | D:7      | Noticed a two-headed ogre
  5172 | D:7      | Reached XP level 8. HP: 57/60 MP: 8/8
  5234 | D:7      | Killed a two-headed ogre
  5234 | D:7      | Reached skill level 5 in Dodging
  5532 | D:7      | Reached XP level 9. HP: 67/67 MP: 9/9
  5775 | D:7      | Reached skill level 5 in Fighting
  5975 | D:7      | Found a burning altar of Makhleb.
  5975 | D:7      | Noticed a green death
  6070 | D:8      | Found Irphac's Distillery.
  6083 | D:8      | Reached * piety under Makhleb
  6102 | D:8      | HP: 3/68 [hippogriff (4)]
  6201 | D:8      | Found Cejoick's Magic Scroll Shoppe.
  6313 | D:8      | Reached skill level 10 in Stealth
  6425 | D:8      | Found Zatwoq's Weapon Emporium.
  6496 | D:8      | Found a glowing silver altar of Zin.
  6533 | D:8      | Noticed Erica
  6559 | D:8      | Killed Erica
  6652 | D:8      | HP: 2/103 [centaur (6)]
  6658 | D:8      | HP: 5/103 [poisoned by a killer bee]
  7000 | D:8      | Found Dosmuz's Gadget Emporium.
  7187 | D:8      | Found a deep blue altar of Sif Muna.
  7350 | D:8      | Found Gonus's General Store.
  7448 | D:9      | Reached XP level 10. HP: 59/76 MP: 10/10
  8092 | D:9      | Found a bloodstained altar of Trog.
  8158 | D:9      | Reached skill level 11 in Stealth
  8184 | D:9      | Noticed a two-headed ogre
  8250 | D:9      | Killed a two-headed ogre
  8544 | D:9      | Found Ydatsu's Assorted Antiques.
  8570 | D:9      | Reached ** piety under Makhleb
  8585 | D:9      | Noticed a two-headed ogre
  8686 | D:9      | Killed a two-headed ogre
  9140 | D:10     | Entered Level 10 of the Dungeon
  9265 | D:10     | Found a staircase to the Lair.
  9436 | D:10     | Reached skill level 12 in Stealth
  9606 | D:10     | Reached skill level 10 in Dodging
  9811 | D:10     | Slain by a swamp worm

Skill      XL: |  1  2  3  4  5  6  7  8  9 10 |
---------------+-------------------------------+-----
Stealth        | 6 7 8 9 10 12 | 12.1
Fighting       | 2 3 4 6 |  6.9
Short Blades   | 3 4 5 7 8 9 |  9.9
Dodging        | 2 3 4 6 8 10 | 10.0
Throwing       | 2 3 4 |  4.0

Action                   |  1- 3 |  4- 6 |  7- 9 | 10-12 || total
-------------------------+-------+-------+-------+-------++-------
Melee: Dagger            |    97 |   194 |   578 |   601 ||  1470
       Bite              |     6 |    22 |    62 |    83 ||   173
 Fire: Blowgun           |       |    48 |       |     4 ||    52
  Use: Scroll            |     4 |     6 |     3 |     3 ||    16
       Potion            |       |     6 |     7 |       ||    13
 Stab: Sleeping          |    17 |     9 |     6 |    10 ||    42
       Distracted        |       |       |     3 |       ||     3
       Invisible         |       |       |     1 |       ||     1
  Eat: Corpse            |    11 |     8 |    12 |     9 ||    40
Armor: Robe              |    23 |    59 |    76 |    56 ||   214
       Skin              |       |    26 |    17 |       ||    43
Dodge: Dodged            |    61 |   125 |   316 |   309 ||   811
